 Dungeon Crawl Stone Soup version 0.29.1-15-g9cfb28693d (webtiles) character file.

Game seed: 4223565546505676731

11 AleXD21137 the Insei (level 2, -5/22 HPs)
             Began as a Djinni Transmuter on Apr 18, 2023.
             Frozen to death by an endoplasm (7 damage)
             ... on level 1 of the Dungeon on Apr 19, 2023.
             The game lasted 00:07:46 (1169 turns).

AleXD21137 the Insei (Djinni Transmuter)            Turns: 1169, Time: 00:07:46

Health: -5/22      AC:  2    Str:  9    XL:     2   Next: 40%
Gold:   67         EV:  9    Int: 14    God:
                   SH:  0    Dex: 13

rFire   + + .      SeeInvis .   d - +0 club
rCold   x . .      Faith    .   (no shield)
rNeg    . . .      Spirit   .   a - +0 robe
rPois   ∞          Reflect  .   (no helmet)
rElec   .          Harm     .   (no cloak)
rCorr   .          Rampage  .   (no gloves)
Will    .....                   (boots unavailable)
Stlth   +.........              (no amulet)
HPRegen 0.07/turn               c - ring of wizardry
MPRegen 0.00/turn               (no ring)

@: flying, constricted
A: sickness immunity, fire resistance 2, cold vulnerability 1, float, innate
caster, HP casting, extra vitality 1
a: no special abilities


You were on level 1 of the Dungeon.
You visited 1 branch of the dungeon, and saw 1 of its levels.

You collected 67 gold pieces.

Inventory:

Hand Weapons
 d - a +0 club (weapon)
Armour
 a - a +0 robe (worn)
 f - a +0 tower shield
Jewellery
 c - a ring of wizardry (left hand)
Scrolls
 e - a scroll of identify {unknown}
Potions
 b - 2 potions of lignification


   Skills:
 + Level 1.0 Fighting
 + Level 0.1 Maces & Flails
 + Level 2.4 Dodging
 + Level 3.3 Unarmed Combat
 + Level 1.7 Spellcasting


You couldn't memorise any spells.
You knew the following spells:

 Your Spells              Type           Power      Damage    Failure   Level
a - Beastly Appendage     Tmut           12%        N/A       4%          1
b - Wereblood             Tmut           6%         N/A       8%          2
c - Spider Form           Tmut/Pois      6%         N/A       16%         3
d - Ice Form              Ice/Tmut       6%         N/A       43%         4
Your spell library was empty.

Dungeon Overview and Level Annotations

Branches:
Dungeon (1/15)

Altars:


Innate Abilities, Weirdness & Mutations

You are immune to sickness and miasma.
You are immune to poison.
Your flesh is very heat resistant. (rF++)
You are vulnerable to cold. (rC-)
You float through the air rather than walking.
You learn spells naturally, not from books.
Your magical power is your life essence.
You have superior vitality. (+4 MHP)


Message History

Found a stone staircase leading down.
An endoplasm comes into view.
You see here a +0 sling.
A ball python comes into view.
The endoplasm quivers.
The ball python hisses angrily.
You hit the endoplasm but do no damage. The endoplasm freezes you.
You are frozen.
You feel a terrible chill!
* * * LOW HITPOINT WARNING * * *
You hit the endoplasm.
The endoplasm is lightly wounded.
The endoplasm closely misses you.
You hit the endoplasm.
The endoplasm is severely wounded.
The ball python misses you. The ball python closely misses you.
The endoplasm misses you. The ball python closely misses you.
The ball python barely misses you. The endoplasm barely misses you.
You barely miss the endoplasm.
The endoplasm is severely wounded.
The ball python closely misses you. The ball python grabs you.
The ball python constricts you.
* * * LOW HITPOINT WARNING * * *
The endoplasm hits you but does no damage.
You hit the endoplasm.
The endoplasm is almost dead.
The ball python bites you but does no damage.
The ball python constricts you.
* * * LOW HITPOINT WARNING * * *
The endoplasm freezes you.
You are frozen.
* * * LOW HITPOINT WARNING * * *
The ball python barely misses you. The ball python constricts you.
* * * LOW HITPOINT WARNING * * *
Unknown command.
As you read the scroll labelled PEPPYU NINWIEH, it crumbles to dust.
You feel aware of your surroundings.
It was a scroll of magic mapping.
The endoplasm freezes you.
You are frozen!
You feel a terrible chill!
You die...

##* ###*****
***#####.## #..,,,,*
,,,...#...######.#***,*
****#..........#.# *,*
*,#>.....#.#.####,*
#,*#...#....@J..#,*
#.##.....#.#S##.#,*
#......)##.#...,*,*
####..####.#.....,*
##...####.##.####* ##
##.)........,..,,* .#
##.......#.##*..#,*
.###..........###..^,*
...+.............,,,,*


You could see an endoplasm and a ball python.

Vanquished Creatures
  4 kobolds (D:1)
  2 quokkas (D:1)
  A ball python (D:1)
  3 frilled lizards (D:1)
  A rat (D:1)
11 creatures vanquished.

Notes
Turn   | Place    | Note
-------+----------+-------------------------------------------
     0 | D:1      | AleXD21137 the Djinni Transmuter began the quest for the
                  | Orb.
     0 | D:1      | AleXD21137 set off with the following spells memorised:
                  | Beastly Appendage, Wereblood, Spider Form, Ice Form.
     0 | D:1      | Reached XP level 1. HP: 17/17 MP: 0/0
   412 | D:1      | Reached XP level 2. HP: 9/22 MP: 0/0
  1169 | D:1      | Frozen to death by an endoplasm

Illustrated notes

Levels and vault maps discovered:
D:1:      dpeg_arrival_lava_temple_mockup, layout_loops_corners

Action                   || total
-------------------------++-------
Melee: Club              ||    49
       Punch             ||     3
  Use: Scroll            ||     1
Armor: Robe              ||     9
Dodge: Dodged            ||    59
